[Event "Polofinale MCR juniorek 2023"]
[Site "Czech Republic"]
[Date "2023.11.13"]
[Round "3.5"]
[White "Macova, Marketa"]
[Black "Hosova, Sandra"]
[Result "1/2-1/2"]
[TimeControl "90 min per 40 moves + 15 min + 30 sec / move from move 1"]
[WhiteFideId "23715588"]
[BlackFideId "397717"]
[WhiteElo "1416"]
[BlackElo "1730"]

1. e4 g6 2. d4 Bg7 3. Nf3 d6 4. Bf4 c6 5. Be2 Nf6 6. Nbd2 Nbd7 7. c3 b5 8. Qc2 Bb7 9. O-O O-O 10.
Rfe1 Re8 11. Rad1 Qc7 12. c4 e5 13. dxe5 dxe5 14. Bg3 b4 15. Nd4 c5 16. N4b3 Nb6 17. Bf3 a5 18. Nf1 Nfd7 19.
Bg4 Nf8 20. Ne3 a4 21. Nc1 Ne6 22. Bxe6 Rxe6 23. f3 Nc8 24. Bf2 Nd6 25. Nd5 Qa5 26. b3 f5 27. Nd3 Rc8 28. bxa4 Ba6 29.
Nb2 f4 30. Rd2 Nf7 31. Red1 Nd8 32. Bh4 Nc6 33. Bf2 Nd4 34. Bxd4 cxd4 35. Qb3 Bf8 36. Rc1 Bb7 37. Nd3 Rb8 38.
N5xb4 Bxe4 39. fxe4 Bxb4 40. Rb2 Bd6 41. Qc2 Rxb2 42. Nxb2 Ba3 43. Rb1 Rb6 44. Nd3 Rxb1+ 45. Qxb1 Qxa4 46.
Qb3 Qa8 1/2-1/2

[Event "Polofinale MCR juniorek 2023"]
[Site "Czech Republic"]
[Date "2023.11.13"]
[Round "3.6"]
[White "Kavanova, Anezka"]
[Black "Jakubse, Tamae Severina"]
[Result "0-1"]
[TimeControl "90 min per 40 moves + 15 min + 30 sec / move from move 1"]
[WhiteFideId "23745517"]
[BlackFideId "23745975"]
[WhiteElo "1434"]
[BlackElo "1679"]

1. e4 e5 2. Nf3 Nc6 3. Bb5 f5 4. Nc3 fxe4 5. Nxe4 Nf6 6. Nxf6+ Qxf6 7. Qe2 Be7 8. Bxc6 bxc6 9. Nxe5 O-O 10.
O-O Bd6 11. d4 c5 12. f4 cxd4 13. Qc4+ Kh8 14. Qxd4 Qe7 15. Qe4 Ba6 16. Rf3 Bxe5 17. fxe5 Rxf3 18. gxf3 Rb8 19. Be3 Bb7 20.
Qg4 Rf8 21. f4 Qb4 22. Rd1 Qe4 23. Qe2 Rxf4 0-1

[Event "Polofinale MCR juniorek 2023"]
[Site "Czech Republic"]
[Date "2023.11.13"]
[Round "3.7"]
[White "Stavova, Helena"]
[Black "Sikorova, Jana"]
[Result "1-0"]
[TimeControl "90 min per 40 moves + 15 min + 30 sec / move from move 1"]
[WhiteFideId "23714751"]
[BlackFideId "392472"]
[WhiteElo "1425"]
[BlackElo "1662"]

1. e4 c5 2. Nc3 e6 3. g3 a6 4. Bg2 Qc7 5. d3 b5 6. Nge2 Bb7 7. O-O Nf6 8. h3 Be7 9. f4 d6 10.
Be3 Nbd7 11. g4 Nb6 12. Ng3 Rc8 13. f5 e5 14. g5 Nfd7 15. Qg4 b4 16. Nce2 d5 17. Nh5 Rg8 18. g6 hxg6 19.
fxg6 f6 20. Qe6 Rf8 21. Nxg7+ Kd8 22. Qf5 Qd6 23. Ne6+ Ke8 24. g7 1-0

[Event "Polofinale MCR juniorek 2023"]
[Site "Czech Republic"]
[Date "2023.11.13"]
[Round "3.9"]
[White "Bartova, Hana"]
[Black "Nova, Anezka"]
[Result "1-0"]
[TimeControl "90 min per 40 moves + 15 min + 30 sec / move from move 1"]
[WhiteFideId "23732695"]
[BlackFideId "23727144"]
[WhiteElo "1270"]
[BlackElo "1578"]

1. e4 e6 2. d4 d5 3. Nc3 Bb4 4. e5 c5 5. a3 Bxc3+ 6. bxc3 Ne7 7. Nf3 Nbc6 8. Be2 O-O 9. O-O Bd7 10.
Bg5 h6 11. Be3 Nf5 12. Qd2 c4 13. g4 Nh4 14. g5 Nxf3+ 15. Bxf3 hxg5 16. Bxg5 Ne7 17. Kh1 Qe8 18. Rg1 Nf5 19.
Bf6 Kh7 20. Rg5 g6 21. Rxf5 exf5 22. Qf4 1-0

[Event "Polofinale MCR juniorek 2023"]
[Site "Czech Republic"]
[Date "2023.11.13"]
[Round "3.10"]
[White "Taborska, Aneta"]
[Black "Petirova, Iva"]
[Result "0-1"]
[TimeControl "90 min per 40 moves + 15 min + 30 sec / move from move 1"]
[WhiteFideId "23733039"]
[BlackFideId "23741961"]
[WhiteElo "1165"]
[BlackElo "1636"]

1. d4 Nf6 2. Nf3 g6 3. c4 d6 4. Nc3 Bg7 5. e4 Nbd7 6. Bd3 O-O 7. O-O e5 8. d5 a5 9. Be3 Ng4 10.
Bg5 f6 11. Bd2 Nc5 12. Qc2 f5 13. exf5 gxf5 14. h3 e4 15. hxg4 exd3 16. Qd1 fxg4 17. Nd4 Bxd4 18. Bh6 Bg7 19.
Qd2 Qf6 20. Bg5 Qg6 21. Rfe1 Be5 22. Nb5 Ne4 23. Bh6 Nxd2 0-1

[Event "Polofinale MCR juniorek 2023"]
[Site "Czech Republic"]
[Date "2023.11.13"]
[Round "3.11"]
[White "Reznickova, Sibyla"]
[Black "Vavrinkova, Marie"]
[Result "1-0"]
[TimeControl "90 min per 40 moves + 15 min + 30 sec / move from move 1"]
[WhiteFideId "398721"]
[BlackFideId "392154"]
[WhiteElo "1413"]
[BlackElo "1492"]

1. d4 Nf6 2. Nf3 g6 3. Bg5 Bg7 4. Nc3 d6 5. e4 O-O 6. Bc4 Nxe4 7. Bxf7+ Rxf7 8. Nxe4 Bg4 9. h4 Qf8 10.
c3 h6 11. Be3 Rxf3 12. gxf3 Qxf3 13. Qb3+ Kh7 14. Ng3 Nd7 15. Kd2 e5 16. Rag1 Nf6 17. Qc2 Re8 18. Re1 Rf8 19. Rhg1 e4 20. Nf1 Qf5 21. Nh2 Bh5 22. Ref1 Qh3 23.
Rh1 Nd5 24. Qxe4 Nxe3 25. fxe3 Qg3 26. Rxf8 Bxf8 27. Nf1 Bf3 28. Nxg3 1-0

[Event "Polofinale MCR juniorek 2023"]
[Site "Czech Republic"]
[Date "2023.11.14"]
[Round "4.1"]
[White "Sulcova, Tereza Radmila"]
[Black "Stastna, Martina"]
[Result "1/2-1/2"]
[TimeControl "90 min per 40 moves + 15 min + 30 sec / move from move 1"]
[WhiteFideId "395196"]
[BlackFideId "385123"]
[WhiteElo "1671"]
[BlackElo "1940"]

1. e4 e5 2. Nf3 Nf6 3. Nxe5 d6 4. Nf3 Nxe4 5. Nc3 Nxc3 6. dxc3 Bg4 7. Be2 Nc6 8. Be3 Be7 9. Qd2 Qd7 10.
O-O-O Be6 11. a3 Bf6 12. Bd4 Bxd4 13. Nxd4 1/2-1/2

[Event "Polofinale MCR juniorek 2023"]
[Site "Czech Republic"]
[Date "2023.11.14"]
[Round "4.2"]
[White "Dudova, Pavlina"]
[Black "Buchtova, Viktorie"]
[Result "0-1"]
[TimeControl "90 min per 40 moves + 15 min + 30 sec / move from move 1"]
[WhiteFideId "394629"]
[BlackFideId "23714786"]
[WhiteElo "1763"]
[BlackElo "1801"]

1. e4 c5 2. Nf3 Nc6 3. d4 cxd4 4. Nxd4 g6 5. Nc3 Bg7 6. Be3 Nf6 7. Be2 O-O 8. Nb3 b6 9. O-O Bb7 10.
f4 d6 11. Bf3 Nd7 12. Nd4 Rc8 13. Rf2 Na5 14. Nd5 Nf6 15. b3 Nxd5 16. exd5 Rc3 17. Qd2 Qc8 18. Re1 Qc5 19. Nf5 Rxe3 20.
Nxe3 Bc3 21. Qe2 Ba6 22. Qd1 Qb4 23. Ree2 Bxe2 24. Bxe2 Bd4 25. Rf3 Qc5 26. Qd3 Qxd5 27. c3 Bxe3+ 28. Rxe3 Qxd3 29. Bxd3 e6 30. c4 Rc8 31. Be4 Nc6 32. Rd3 Nb4 33. Rxd6 Nxa2 34. Rd7 Nc1 35. Rxa7 Nxb3 36. Bd3 Na5 37.
Ra6 Nxc4 38. g3 b5 39. Ra1 Rd8 40. Be2 Kg7 41. Rb1 Rd5 42. Rb4 Rc5 43. Kf2 Kf6 44. Kf3 Na3 45. Rb3 Nc2 46.
Ke4 b4 47. Bd3 Ne1 48. Rxb4 Nxd3 49. Kxd3 Ra5 50. Rb2 h5 51. Ke3 Kf5 52. h3 Ra3+ 53. Kf2 h4 54. Rb5+ Kf6 55. gxh4 Rxh3 0-1

[Event "Polofinale MCR juniorek 2023"]
[Site "Czech Republic"]
[Date "2023.11.14"]
[Round "4.3"]
[White "Havelkova, Beata"]
[Black "Markina, Sofiia"]
[Result "1/2-1/2"]
[TimeControl "90 min per 40 moves + 15 min + 30 sec / move from move 1"]
[WhiteFideId "23709405"]
[BlackFideId "23744014"]
[WhiteElo "1736"]
[BlackElo "1563"]

1. e4 c6 2. d4 d5 3. exd5 cxd5 4. Bd3 Nc6 5. c3 Nf6 6. Bf4 Bg4 7. Qb3 Qd7 8. Nd2 e6 9. Ngf3 Bd6 10. Bxd6 Qxd6 11. O-O O-O 12.
Rae1 Nd7 13. Nh4 Bh5 14. f4 f6 15. Qc2 h6 16. Bh7+ Kh8 17. Bg6 Bxg6 18. Nxg6+ Kg8 19. Nxf8 Rxf8 20.
Nf3 Rc8 21. Qe2 Nf8 22. Nh4 Re8 23. Qh5 Qd7 24. Re3 Re7 25. Rg3 Kh8 26. Ng6+ Nxg6 27. Rxg6 Qe8 28. Rf3 Kh7 29. Rfg3 Qf8 30.
Rh3 a6 31. Rgg3 b5 32. Qg6+ Kh8 33. Rh4 Nd8 34. Qd3 Nf7 35. Rf3 Nd6 36. g4 Rf7 37. Qg6 Ne4 38. Rfh3 Qg8 39. Rh5 a5 40.
g5 fxg5 41. fxg5 Rf1+ 42. Kg2 Rf2+ 43. Kg1 Rf1+ 44. Kg2 1/2-1/2

[Event "Polofinale MCR juniorek 2023"]
[Site "Czech Republic"]
[Date "2023.11.14"]
[Round "4.4"]
[White "Jakubse, Tamae Severina"]
[Black "Bartova, Hana"]
[Result "1-0"]
[TimeControl "90 min per 40 moves + 15 min + 30 sec / move from move 1"]
[WhiteFideId "23745975"]
[BlackFideId "23732695"]
[WhiteElo "1679"]
[BlackElo "1270"]

1. e4 e5 2. Nf3 Nf6 3. Nc3 Nc6 4. d4 exd4 5. Nxd4 Bb4 6. Nxc6 bxc6 7. Bd3 d5 8. exd5 cxd5 9. Qe2+ Qe7 10.
Qxe7+ Kxe7 11. O-O Re8 12. Nb5 Kd8 13. a3 Bc5 14. b4 a6 15. bxc5 axb5 16. Bxb5 Re6 17. c4 d4 18. c6 Ba6 19.
Rd1 Bxb5 20. cxb5 Ra4 21. Bb2 Rd6 22. Rd3 Rd5 23. Rad1 Rxb5 24. Bxd4 Ne4 25. Bf6+ 1-0

[Event "Polofinale MCR juniorek 2023"]
[Site "Czech Republic"]
[Date "2023.11.14"]
[Round "4.5"]
[White "Stavova, Helena"]
[Black "Brezikova, Beata"]
[Result "0-1"]
[TimeControl "90 min per 40 moves + 15 min + 30 sec / move from move 1"]
[WhiteFideId "23714751"]
[BlackFideId "23727250"]
[WhiteElo "1425"]
[BlackElo "1622"]

1. e4 e5 2. Nf3 Nc6 3. d4 exd4 4. Nxd4 Qf6 5. Be3 Bc5 6. c3 Nge7 7. Bc4 Ne5 8. Bb3 Qg6 9. O-O d6 10.
f3 O-O 11. Nd2 h5 12. Qe2 Kh8 13. f4 Bg4 14. Qf2 Nd3 15. Qh4 Nc6 16. Bc2 Bxd4 17. Bxd4 Be2 18. Bxd3 Bxd3 19. f5 Qh6 20.
Rf3 Nxd4 21. Rxd3 Nc6 22. Nf3 Rae8 23. Re1 Ne5 24. Nxe5 Rxe5 25. Rh3 Rfe8 26. Qxh5 Qxh5 27. Rxh5+ Kg8 28.
Rh4 Rxf5 29. c4 Rfe5 30. Kf2 g6 31. Ke3 Kg7 32. Kd3 f5 33. Rh3 Rxe4 34. Rxe4 Rxe4 35. Rf3 a6 36. a4 c5 37.
b3 b6 38. h3 Rd4+ 39. Kc3 d5 40. Rd3 Rxd3+ 41. Kxd3 d4 0-1

[Event "Polofinale MCR juniorek 2023"]
[Site "Czech Republic"]
[Date "2023.11.14"]
[Round "4.6"]
[White "Hosova, Sandra"]
[Black "Stavova, Marketa"]
[Result "1-0"]
[TimeControl "90 min per 40 moves + 15 min + 30 sec / move from move 1"]
[WhiteFideId "397717"]
[BlackFideId "23714824"]
[WhiteElo "1730"]
[BlackElo "1433"]

1. c4 e5 2. Nc3 Nc6 3. g3 g6 4. Bg2 Bg7 5. e3 d6 6. d3 Be6 7. Nge2 Nge7 8. Nd5 O-O 9. O-O Qd7 10.
Re1 Rab8 11. Rb1 Bh3 12. Bxh3 Qxh3 13. Nxc7 Nf5 14. Kh1 Nh6 15. Ng1 Qd7 16. Nd5 Ng4 17. Kg2 f5 18. b4 b6 19.
Bd2 Qb7 20. f3 Nf6 21. Nxf6+ Rxf6 22. a4 Ne7 23. a5 Qc6 24. b5 Qc7 25. axb6 axb6 26. Qb3 Kh8 27. Ra1 Rff8 28. Ra6 Qb7 29.
Bb4 Nc8 30. Bd2 Qf7 31. Rea1 g5 32. Ra8 Rb7 33. R1a2 Qf6 34. e4 f4 35. g4 Ne7 36.
Be1 Rbb8 37. Rxb8 Rxb8 38. Bf2 Qf8 39. Ne2 Qd8 40. Nc3 Bf8 41. Ra6 Qc7 42. Qd1 Qc8 43. Na4 Ng6 44. Nxb6 Qd8 45. Nd5 Qc8 46. Ra7 Bg7 47. b6 Nf8 48. Qa4 1-0

[Event "Polofinale MCR juniorek 2023"]
[Site "Czech Republic"]
[Date "2023.11.14"]
[Round "4.7"]
[White "Nagyova, Daniela"]
[Black "Macova, Marketa"]
[Result "1-0"]
[TimeControl "90 min per 40 moves + 15 min + 30 sec / move from move 1"]
[WhiteFideId "390070"]
[BlackFideId "23715588"]
[WhiteElo "1872"]
[BlackElo "1416"]

1. e4 e5 2. Nf3 Nc6 3. Bc4 Bc5 4. b4 Bxb4 5. c3 Ba5 6. d4 exd4 7. O-O dxc3 8. Qb3 Qf6 9. e5 Qg6 10.
Ba3 Nge7 11. Bb5 b6 12. Nxc3 Bb7 13. Rfd1 Nxe5 14. Nh4 Nf3+ 15. Nxf3 Bxf3 16. Bxd7+ Kf8 17. Bxe7+ Kxe7 18. Nd5+ Bxd5 19.
Qxd5 Rhd8 20. Qe5+ Kf8 21. Qxc7 Qf6 22. Rab1 Qe7 23. Qc6 Qa3 24. Rd5 Qxa2 25. Rbd1 Qe2 26. h3 Be1 27. Qd6+ Kg8 28.
Qf4 Ba5 29. Qh4 Rf8 30. Bg4 Qe4 31. Qg3 Qe8 32. h4 h6 33. Bf3 Rc8 34. Rd6 Kh8 35. Qf4 f6 36. g4 Qe5 37. Qa4 a6 38.
R6d5 Qe8 39. Qf4 b5 40. Qf5 g6 41. Qf4 Bc7 42. Qxh6+ Kg8 43. Rd7 Rf7 44. Qxg6+ Kf8 45. Qh6+ Kg8 46.
Rxf7 Kxf7 47. Bd5+ Ke7 48. Qg7+ Kd8 49. Bc6+ Qd7 50. Qxd7# 1-0

[Event "Polofinale MCR juniorek 2023"]
[Site "Czech Republic"]
[Date "2023.11.14"]
[Round "4.9"]
[White "Sikorova, Jana"]
[Black "Kavanova, Anezka"]
[Result "1-0"]
[TimeControl "90 min per 40 moves + 15 min + 30 sec / move from move 1"]
[WhiteFideId "392472"]
[BlackFideId "23745517"]
[WhiteElo "1662"]
[BlackElo "1434"]

1. d4 d5 2. c4 e6 3. Nf3 c5 4. cxd5 exd5 5. Nc3 Nc6 6. Bf4 Nf6 7. e3 Bf5 8. a3 Rc8 9. Be2 Bd6 10.
Bg5 Be7 11. dxc5 Be6 12. b4 b6 13. cxb6 Qxb6 14. Na4 Qd8 15. O-O h6 16. Bh4 g5 17. Bg3 Ne4 18. Rc1 Nxg3 19. hxg3 Bf6 20.
Bb5 Qd6 21. Nd4 Bxd4 22. Qxd4 O-O 23. Qf6 1-0

[Event "Polofinale MCR juniorek 2023"]
[Site "Czech Republic"]
[Date "2023.11.14"]
[Round "4.10"]
[White "Petirova, Iva"]
[Black "Reznickova, Sibyla"]
[Result "1-0"]
[TimeControl "90 min per 40 moves + 15 min + 30 sec / move from move 1"]
[WhiteFideId "23741961"]
[BlackFideId "398721"]
[WhiteElo "1636"]
[BlackElo "1413"]

1. e4 e5 2. Nf3 Nc6 3. Bb5 Bc5 4. c3 Qe7 5. O-O a6 6. Bxc6 dxc6 7. d4 exd4 8. cxd4 Bb6 9. Nc3 Bg4 10.
d5 Rd8 11. h3 Bh5 12. Bg5 f6 13. Bf4 Qb4 14. Qe2 Bxf3 15. Qxf3 Qxb2 16. dxc6 bxc6 17. e5 Ne7 18. exf6 gxf6 19.
Rae1 Kf7 20. Re2 Qb4 21. Rfe1 Rd7 22. Be5 Qh4 23. Ne4 Nd5 24. Bg3 Qh6 25. Nd2 Ba5 26. Nc4 Bxe1 27. Ne5+ Ke7 28.
Nxd7+ Kxd7 29. Qf5+ Kd8 30. Rxe1 Rf8 31. Qe6 Qd2 32. Rb1 Nb6 33. Qxc6 Qd7 34. Qc5 Rg8 35. a4 Rg5 36. Qf8+ Qe8 37.
Qxf6+ Qe7 38. Qc6 Rd5 39. Kh2 Ra5 40. Rxb6 1-0

[Event "Polofinale MCR juniorek 2023"]
[Site "Czech Republic"]
[Date "2023.11.14"]
[Round "4.11"]
[White "Vavrinkova, Marie"]
[Black "Taborska, Aneta"]
[Result "1-0"]
[TimeControl "90 min per 40 moves + 15 min + 30 sec / move from move 1"]
[WhiteFideId "392154"]
[BlackFideId "23733039"]
[WhiteElo "1492"]
[BlackElo "1165"]

1. d4 Nf6 2. c4 g6 3. Nc3 Bg7 4. e3 O-O 5. Nf3 d5 6. Be2 Re8 7. O-O b6 8. Ne5 Bb7 9. Bf3 e6 10. Re1 Nbd7 11. Qc2 c5 12. Nb5 Qb8 13. cxd5 exd5 14. Nd3 a6 15.
Nc3 Qc7 16. Bd2 Rac8 17. Nf4 cxd4 18. exd4 Red8 19. Qb3 Ne4 20. Bxe4 dxe4 21. Ncd5 Bxd5 22. Nxd5 Qd6 23. Bb4 Nc5 24. dxc5 Qxd5 25. Qxd5 Rxd5 26. cxb6 Rb5 27. Rxe4 Rxb6 28.
Rb1 Rb5 29. Kf1 a5 30. Ba3 h5 31. b3 Kh7 32. Re7 Kg8 33. Rc1 Rd8 34. Rec7 Rbd5 35. Rc8 Bh6 36. Rxd8+ Rxd8 37. Rc2 Rb8 38.
Bb2 Bf8 39. Ke2 Bb4 40. a3 Bd6 41. Rc6 Rxb3 42. Rc8+ Bf8 43.
Bd4 Rb5 44. Kd3 Rd5 45. Kc4 Rf5 46. Bc5 Rf4+ 47. Kb5 Rf5 48. Rxf8+ Kg7 49. Ra8 Rg5 50. g3 1-0

[Event "Polofinale MCR juniorek 2023"]
[Site "Czech Republic"]
[Date "2023.11.14"]
[Round "5.1"]
[White "Buchtova, Viktorie"]
[Black "Sulcova, Tereza Radmila"]
[Result "1/2-1/2"]
[TimeControl "90 min per 40 moves + 15 min + 30 sec / move from move 1"]
[WhiteFideId "23714786"]
[BlackFideId "395196"]
[WhiteElo "1801"]
[BlackElo "1671"]

1. e4 g6 2. d4 Bg7 3. Nf3 d6 4.
Bc4 Nf6 5. Qe2 O-O 6. e5 dxe5 7. dxe5 Nd5 8. O-O Bg4 9. Rd1 e6 10. Nbd2 Nc6 11. h3 Nd4 12. Qe4 Nxf3+ 13. Nxf3 Bxf3 14.
Qxf3 Bxe5 15. Bxd5 exd5 16. Rxd5 Qf6 17. Qxf6 Bxf6 18. Bf4 Rad8 19. Rxd8 Rxd8 20. c3 c6 1/2-1/2

[Event "Polofinale MCR juniorek 2023"]
[Site "Czech Republic"]
[Date "2023.11.14"]
[Round "5.2"]
[White "Stastna, Martina"]
[Black "Jakubse, Tamae Severina"]
[Result "0-1"]
[TimeControl "90 min per 40 moves + 15 min + 30 sec / move from move 1"]
[WhiteFideId "385123"]
[BlackFideId "23745975"]
[WhiteElo "1940"]
[BlackElo "1679"]

1. e4 e5 2. Nf3 Nc6 3. Bb5 f5 4. Nc3 fxe4 5. Nxe4 Nf6 6. Nxf6+ Qxf6 7. Qe2 Be7 8. Bxc6 bxc6 9. Nxe5 Qe6 10.
d4 O-O 11. Qc4 Qxc4 12. Nxc4 Bf6 13. c3 Rb8 14. b3 Ba6 15. Ne3 c5 16. Ng4 Rbe8+ 17. Be3 Bg5 18. h4 Rf4 19. Ne5 Rxh4 20.
Rxh4 Bxh4 21. Nxd7 Rxe3+ 0-1

[Event "Polofinale MCR juniorek 2023"]
[Site "Czech Republic"]
[Date "2023.11.14"]
[Round "5.3"]
[White "Brezikova, Beata"]
[Black "Havelkova, Beata"]
[Result "1-0"]
[TimeControl "90 min per 40 moves + 15 min + 30 sec / move from move 1"]
[WhiteFideId "23727250"]
[BlackFideId "23709405"]
[WhiteElo "1622"]
[BlackElo "1736"]

1. e4 c5 2. Nc3 e6 3. Nge2 d5 4.
exd5 exd5 5. d4 Nc6 6. g3 Bg4 7. Bg2 Nxd4 8. h3 Bf3 9. Kf1 Qf6 10. Qd3 Bxg2+ 11. Kxg2 O-O-O 12. Nxd4 cxd4 13.
Ne2 Bc5 14. Rd1 Ne7 15. Nxd4 Nc6 16. Be3 g6 17. Rd2 Rd7 18. Rad1 Ne5 19. Qc3 Rc7 20. Nb5 Qf3+ 21. Kg1 d4 22.
Bxd4 Qe4 23. Bxe5 Bxf2+ 24. Kxf2 Qf5+ 25. Bf4 1-0

[Event "Polofinale MCR juniorek 2023"]
[Site "Czech Republic"]
[Date "2023.11.14"]
[Round "5.4"]
[White "Markina, Sofiia"]
[Black "Hosova, Sandra"]
[Result "1-0"]
[TimeControl "90 min per 40 moves + 15 min + 30 sec / move from move 1"]
[WhiteFideId "23744014"]
[BlackFideId "397717"]
[WhiteElo "1563"]
[BlackElo "1730"]

1. d4 d5 2. c4 c6 3. Nf3 e6 4. Nc3 Nf6 5. cxd5 exd5 6. Bg5 Nbd7 7. e3 Be7 8. Bd3 Ne4 9. Bxe7 Qxe7 10.
O-O O-O 11. Qc2 f5 12. Nd2 Ndf6 13. Rae1 Bd7 14. f3 Nd6 15. e4 dxe4 16. fxe4 fxe4 17. Ndxe4 Nfxe4 18. Nxe4 Rxf1+ 19. Rxf1 h6 20.
Qc5 Nc8 21. Qh5 Be8 22. Qf5 g6 23. Qh3 Kg7 24. Nc5 Bf7 25.
Qg3 Qd6 26. Qf2 Qe7 27. Re1 Qc7 28. Ne6+ Bxe6 29. Rxe6 Qf7 30. Rxg6+ Qxg6 31. Bxg6 Kxg6 32. Qg3+ Kf7 33. Qc7+ Ne7 34.
Qxb7 Rd8 35. Qxa7 Ke6 36. Qc5 Rd5 37. Qc3 Kd7 38. Qh3+ Nf5 39. g4 Nxd4 40. Qxh6 Ne6 41. h4 Rd1+ 42.
Kf2 Rh1 43. Qh8 Ke7 44. Qe5 Rxh4 45. g5 Rg4 46. Qf6+ Kd6 47. g6 Kd7 48. Qf7+ Kd6 49. Qf5 Rg5 50. Qd3+ Ke7 51. a4 Kf6 52.
Qd6 Rf5+ 53. Ke3 Re5+ 54. Kf3 Rf5+ 55. Ke4 Rc5 56. g7 Rg5 57. Qxc6 Rxg7 58. a5 Rg4+ 59. Ke3 Ke7 60. a6 Rg3+ 61.
Ke4 1-0

[Event "Polofinale MCR juniorek 2023"]
[Site "Czech Republic"]
[Date "2023.11.14"]
[Round "5.5"]
[White "Sikorova, Jana"]
[Black "Nagyova, Daniela"]
[Result "1/2-1/2"]
[TimeControl "90 min per 40 moves + 15 min + 30 sec / move from move 1"]
[WhiteFideId "392472"]
[BlackFideId "390070"]
[WhiteElo "1662"]
[BlackElo "1872"]

1. d4 Nf6 2. c4 e6 3. Nf3 d5 4. Nc3 Be7 5. Bg5 h6 6. Bh4 O-O 7. e3 Nbd7 8. Bd3 dxc4 9. Bxc4 b6 10.
O-O Bb7 11. Qe2 Ne4 12. Bxe7 Qxe7 13. Rac1 c5 14. Rfd1 Rfd8 15. Bd3 Nef6 16. h3 e5 17. Ba6 Bxa6 18. Qxa6 e4 19. Ne1 cxd4 20.
Rxd4 Nc5 21. Rxd8+ Rxd8 22. Qe2 Nd3 23. Rd1 Ne5 24. Nc2 Rxd1+ 25. Qxd1 Nd3 26. b3 Qe5 27. Nd4 Nd5 28. Nxd5 Qxd5 29.
Qg4 Kh7 30. Qc8 Qa5 31. Qf5+ Qxf5 32. Nxf5 Nc1 33. Nd6 Nxa2 34. Nxe4 Nc1 35. Nd2 Kg6 36. Kf1 Kf6 37. Ke1 Ke6 38.
Kd1 Nd3 39. f3 Nc5 40. Kc2 Kd5 1/2-1/2

[Event "Polofinale MCR juniorek 2023"]
[Site "Czech Republic"]
[Date "2023.11.14"]
[Round "5.6"]
[White "Bartova, Hana"]
[Black "Dudova, Pavlina"]
[Result "0-1"]
[TimeControl "90 min per 40 moves + 15 min + 30 sec / move from move 1"]
[WhiteFideId "23732695"]
[BlackFideId "394629"]
[WhiteElo "1270"]
[BlackElo "1763"]

1. e4 e6 2. c4 d5 3. exd5 exd5 4. cxd5 Nf6 5. Bb5+ Nbd7 6. Nc3 a6 7. Ba4 b5 8. Bb3 Nb6 9. d4 Nfxd5 10. Nf3 Bb4 11. Qd3 Qe7+ 12. Kd1 Bxc3 13. bxc3 O-O 14. Bc2 g6 15. Bb3 Bf5 16. Qd2 Rac8 17. Re1 Qf6 18. Ne5 c5 19.
g4 cxd4 20. Bxd5 Nxd5 21. gxf5 Nxc3+ 22. Qxc3 dxc3 0-1

[Event "Polofinale MCR juniorek 2023"]
[Site "Czech Republic"]
[Date "2023.11.14"]
[Round "5.7"]
[White "Nespora, Tatana"]
[Black "Petirova, Iva"]
[Result "0-1"]
[TimeControl "90 min per 40 moves + 15 min + 30 sec / move from move 1"]
[WhiteFideId "392286"]
[BlackFideId "23741961"]
[WhiteElo "1690"]
[BlackElo "1636"]

1. e4 c5 2. Nf3 e6 3. d4 cxd4 4. Nxd4 Nf6 5. Nc3 Nc6 6. Bg5 h6 7. Bh4 Bb4 8. Nxc6 bxc6 9. Qf3 Be7 10.
Bd3 d5 11. e5 Nd7 12. Bxe7 Qxe7 13. Qg3 Qg5 14. f4 Qxg3+ 15. hxg3 a5 16. O-O-O Ba6 17. Bxa6 Rxa6 18. Ne2 Ke7 19.
g4 Rb6 20. c4 Rhb8 21. Rd2 Rb4 22. cxd5 cxd5 23. Kb1 Nb6 24. Nd4 Nc4 25. Nc6+ Ke8 26. Nxb4 Nxd2+ 27. Kc2 Rxb4 28. Kxd2 Rxb2+ 29. Ke3 Rxa2 30. Rb1 Rxg2 31. Kf3 Rc2 32. Rb8+ Kd7 33. Ra8 Rc5 34. Ra7+ Kc6 35. Rxf7 a4 36. Ra7 Kb5 37. f5 Rc3+ 38.
Ke2 d4 39. f6 gxf6 40. exf6 Rc8 41. Rh7 Rg8 42. f7 Rf8 43. Rxh6 Rxf7 44. Rxe6 a3 45. Kd3 Rf1 46. Re2 Rd1+ 47.
Ke4 d3 48. Ra2 d2 49. Kd3 Kb4 50. Kc2 Rg1 0-1

[Event "Polofinale MCR juniorek 2023"]
[Site "Czech Republic"]
[Date "2023.11.14"]
[Round "5.8"]
[White "Macova, Marketa"]
[Black "Stavova, Helena"]
[Result "0-1"]
[TimeControl "90 min per 40 moves + 15 min + 30 sec / move from move 1"]
[WhiteFideId "23715588"]
[BlackFideId "23714751"]
[WhiteElo "1416"]
[BlackElo "1425"]

1. e4 e5 2. Nf3 Nc6 3. Nc3 Nf6 4.
d4 exd4 5. Nxd4 Bb4 6. Nxc6 bxc6 7. Bd3 d5 8. exd5 cxd5 9. O-O O-O 10. Bg5 c6 11. Qf3 Be7 12. h3 Be6 13. Ne2 h6 14.
Bh4 Qc8 15. Rfe1 Re8 16. Rad1 Rb8 17. b3 c5 18. Nf4 Bd8 19. Bxf6 Bxf6 20. Nxd5 Bxd5 21. Rxe8+ Qxe8 22. Qxd5 Qe7 23.
Qe4 Qxe4 24. Bxe4 Re8 25. Bf3 Bd4 26. Kf1 Re6 27. Bd5 Ra6 28. a4 Rf6 29. f3 Kf8 30. Re1 Rd6 31. Bc4 Bc3 32.
Re2 Rd1+ 33. Kf2 h5 34. Kg3 Be1+ 35. Kf4 h4 36. Kg4 Bg3 37. Bb5 g6 38. Kg5 Rd5+ 39. Kg4 Rd4+ 40. Kg5 Kg7 41.
Re4 f6+ 42. Kg4 f5+ 0-1

[Event "Polofinale MCR juniorek 2023"]
[Site "Czech Republic"]
[Date "2023.11.14"]
[Round "5.9"]
[White "Nova, Anezka"]
[Black "Kavanova, Anezka"]
[Result "1-0"]
[TimeControl "90 min per 40 moves + 15 min + 30 sec / move from move 1"]
[WhiteFideId "23727144"]
[BlackFideId "23745517"]
[WhiteElo "1578"]
[BlackElo "1434"]

1. e4 c5 2. Nf3 Nc6 3. c3 d5 4. exd5 Qxd5 5. d4 Bg4 6. Be2 e6 7. Be3 cxd4 8. cxd4 Bb4+ 9. Nc3 Nf6 10.
O-O Qd8 11. a3 Ba5 12. Rc1 Bb6 13. Na4 Bc7 14. h3 Bh5 15. Bb5 Qd6 16. g3 Qd5 17. Bxc6+ bxc6 18. g4 Nxg4 19. hxg4 Bxg4 20.
Kg2 h5 21. Rc5 Qd6 22. Rh1 h4 23. Nc3 h3+ 24. Kf1 h2 25. Ne4 Bh3+ 26. Ke2 Qd7 27. Rg5 f6 28. Nc5 Qe7 29. Rg6 Bf5 30.
Rg2 Bh3 31. Rg6 Bf5 32. Rg2 Bh3 33. Rgxh2 Bxh2 34. Rxh2 Kf7 35. Qa4 Rab8 36. b4 Rbc8 37. Ne4 Qc7 38. Neg5+ fxg5 39. Nxg5+ Ke7 40.
Rxh3 Rxh3 41. Nxh3 Rf8 42. Bg5+ Kd7 43. Bf4 Rxf4 44. Nxf4 Qxf4 45. Qxa7+ Ke8 46. Qa8+ Kd7 47. Qb7+ Kd8 48. Qxc6 Qxd4 49. Qa8+ Ke7 50. Qb7+ Kf6 51. Qf3+ Ke7 52.
Qd3 Qb2+ 53. Ke3 Qc1+ 54. Ke4 Qe1+ 55. Qe3 Qb1+ 56. Kd4 Qd1+ 57. Qd3 Qa1+ 58. Kc4 Qc1+ 59. Qc3 Qf4+ 60. Kb3 Qxf2 61.
Qxg7+ Kd6 62. Qc3 Qb6 63. a4 Qb7 64. Qc5+ Kd7 65. Qd4+ Kc8 66. Qh8+ 1-0

[Event "Polofinale MCR juniorek 2023"]
[Site "Czech Republic"]
[Date "2023.11.14"]
[Round "5.10"]
[White "Stavova, Marketa"]
[Black "Vavrinkova, Marie"]
[Result "0-1"]
[TimeControl "90 min per 40 moves + 15 min + 30 sec / move from move 1"]
[WhiteFideId "23714824"]
[BlackFideId "392154"]
[WhiteElo "1433"]
[BlackElo "1492"]

1. e4 d6 2. d4 Nf6 3. Bd3 g6 4. Nf3 Bg7 5. O-O O-O 6. h3 e5 7. dxe5 dxe5 8. Nc3 Nbd7 9. Be3 Nh5 10.
Qd2 f5 11. exf5 gxf5 12. Bc4+ Kh8 13. Bg5 Bf6 14. Bh6 Bg7 15. Bxg7+ Nxg7 16. Rad1 Qf6 17. Rfe1 c6 18. a3 e4 19.
Ng5 Ne5 20. Bb3 h6 21. f4 exf3 22. Nxf3 Nxf3+ 23. gxf3 f4 24. Kh2 Qh4 25. Qg2 Nf5 26. Rg1 Qg3+ 27. Qxg3 fxg3+ 28. Kh1 Ne3 29.
Rd3 g2+ 30. Kh2 Rxf3 31. Rc1 Rxh3+ 32. Kg1 Rh1+ 0-1